AA SOUTH
PENSACOLA BLUE WAHOOS @ BILOXI SHUCKERS
06/25/2041
 
TOP OF THE 1ST
Pensacola Blue Wahoos batting - Pitching for Biloxi Shuckers : RHP Ron Curry
Pitching: RHP Ron Curry
Batting: RHB David Holguín 0-0: Called Strike
0-1: Ball
1-1: Foul Ball, location: 2F
1-2: Ball
2-2: Ground out 6-3 (Groundball, 56D, EV 95.0 MPH)
Batting: RHB Dan Offen 0-0: Ground out 4-3 (Groundball, 4, EV 88.1 MPH)
Batting: LHB Juan Novoa 0-0: Ball
1-0: Called Strike
1-1: Ground out 4-3 (Groundball, 4S, EV 62.5 MPH)
Top of the 1st over - 0 runs, 0 hits, 0 errors, 0 left on base; Pensacola 0 - Biloxi 0
BOTTOM OF THE 1ST
Biloxi Shuckers batting - Pitching for Pensacola Blue Wahoos : RHP Leon D'Abrichecourt
Pitching: RHP Leon D'Abrichecourt
Batting: LHB José Flores 0-0: Foul Ball, location: 2F
0-1: Called Strike
0-2: Strikes out swinging
Batting: RHB Héctor Takahashi 0-0: Called Strike
0-1: Bunted foul
0-2: Ground out 2-3 (Groundball, 13S, EV 63.1 MPH)
Batting: LHB Jorge Peralas 0-0: Called Strike
0-1: SINGLE (Line Drive, 89M, EV 99.4 MPH)
Batting: LHB Chan-ho Nam 0-0: Foul Ball, location: 25F
0-1: Called Strike
0-2: Foul Ball, location: 2F
0-2: Foul Ball, location: 25F
0-2: Foul Ball, location: 2F
0-2: Foul Ball, location: 7LMF
0-2: Ball
1-2: DOUBLE (Groundball, 3L, EV 108.1 MPH)
Jorge Peralas to third
Runner from 3rd tries for Home, throw by RF and OUT! 9-4-2
Bottom of the 1st over - 0 runs, 2 hits, 0 errors, 1 left on base; Pensacola 0 - Biloxi 0
TOP OF THE 2ND
Pensacola Blue Wahoos batting - Pitching for Biloxi Shuckers : RHP Ron Curry
Batting: LHB José Guedán 0-0: Called Strike
0-1: Ground out 5-3 (Groundball, 56S, EV 83.8 MPH)
Batting: RHB Sang-keun Park 0-0: Ground out 5-3 (Groundball, 56S, EV 63.1 MPH)
Batting: RHB Luis Acevedo 0-0: Ground out 6-3 (Groundball, 6, EV 104.4 MPH)
Top of the 2nd over - 0 runs, 0 hits, 0 errors, 0 left on base; Pensacola 0 - Biloxi 0
BOTTOM OF THE 2ND
Biloxi Shuckers batting - Pitching for Pensacola Blue Wahoos : RHP Leon D'Abrichecourt
Batting: SHB Joe Campbell 0-0: Ball
1-0: Ground out 4-3 (Groundball, 4, EV 91.9 MPH)
Batting: RHB Steve Jobson 0-0: SINGLE (Groundball, 4MD, EV 98.8 MPH)
Batting: LHB Leo Anderson 0-0: Ball
1-0: Swinging Strike
1-1: Ball
2-1: Foul Ball, location: 2F
2-2: Strikes out looking
Batting: LHB Jesús Jiménez 0-0: Foul Ball, location: 9LMF
0-1: Swinging Strike
0-2: Foul Ball, location: 23F
0-2: Foul Ball, location: 3DF
0-2: Ball
1-2: Foul Ball, location: 7LSF
1-2: Foul Ball, location: 3FF
1-2: SINGLE (Line Drive, 9LS, EV 108.1 MPH)
Steve Jobson to second
Batting: RHB Jorge Juánez 0-0: Swinging Strike
0-1: Ball
1-1: Called Strike
1-2: Foul Ball, location: 5F
1-2: Strikes out swinging
Bottom of the 2nd over - 0 runs, 2 hits, 0 errors, 2 left on base; Pensacola 0 - Biloxi 0
TOP OF THE 3RD
Pensacola Blue Wahoos batting - Pitching for Biloxi Shuckers : RHP Ron Curry
Batting: RHB Chris Pike 0-0: Ball
1-0: Ball
2-0: Ball
3-0: Base on Balls
Batting: RHB Ben Butler 0-0: Called Strike
0-1: Bunted foul
0-2: Foul Ball, location: 5SF
0-2: Strikes out swinging
Batting: RHB Lúcio Rodríguez 0-0: Called Strike
0-1: Ball
1-1: Swinging Strike
1-2: Ball
2-2: Ball
3-2: Fly out, F3 (Popup, 3SF, EV 71.9 MPH)
Batting: RHB David Holguín 0-0: Ball
1-0: Ball
2-0: Ground out 4-3 (Groundball, 34, EV 82.5 MPH)
Top of the 3rd over - 0 runs, 0 hits, 0 errors, 1 left on base; Pensacola 0 - Biloxi 0
BOTTOM OF THE 3RD
Biloxi Shuckers batting - Pitching for Pensacola Blue Wahoos : RHP Leon D'Abrichecourt
Batting: LHB José Flores 0-0: Called Strike
0-1: Ball
1-1: Called Strike
1-2: Foul Ball, location: 2F
1-2: Ball
2-2: Foul Ball, location: 2F
2-2: Ball
3-2: Base on Balls
Batting: RHB Héctor Takahashi 0-0: Ball
José Flores steals 2nd base
1-0: Called Strike
1-1: Foul Ball, location: 2F
1-2: SINGLE (Line Drive, 34D, EV 95.0 MPH)
José Flores to third
Batting: LHB Jorge Peralas 0-0: Called Strike
0-1: SINGLE (Groundball, 6MD, EV 97.5 MPH)
José Flores scores
Héctor Takahashi to second
Runner from 2nd tries for 3rd, SAFE, throw by CF made to third
Batting: LHB Chan-ho Nam 0-0: Grounds into double play, 6-4-3 (Groundball, 56, EV 79.4 MPH)
Héctor Takahashi scores
Batting: SHB Joe Campbell 0-0: Fly out, F7 (Flyball, 7D, EV 96.9 MPH)
Bottom of the 3rd over - 2 runs, 2 hits, 0 errors, 0 left on base; Pensacola 0 - Biloxi 2
TOP OF THE 4TH
Pensacola Blue Wahoos batting - Pitching for Biloxi Shuckers : RHP Ron Curry
Batting: RHB Dan Offen 0-0: Ground out 6-3 (Groundball, 6S, EV 67.5 MPH)
Batting: LHB Juan Novoa 0-0: Ball
1-0: Foul Ball, location: 2F
1-1: Swinging Strike
1-2: Strikes out looking
Batting: LHB José Guedán 0-0: Ball
1-0: Foul Ball, location: 2F
1-1: Swinging Strike
1-2: Strikes out swinging
Top of the 4th over - 0 runs, 0 hits, 0 errors, 0 left on base; Pensacola 0 - Biloxi 2
BOTTOM OF THE 4TH
Biloxi Shuckers batting - Pitching for Pensacola Blue Wahoos : RHP Leon D'Abrichecourt
Batting: RHB Steve Jobson 0-0: SINGLE (Groundball, 56D, EV 103.1 MPH)
Batting: LHB Leo Anderson 0-0: Bunted foul
0-1: Ball
1-1: Bunted foul
1-2: Ball
2-2: Ball
3-2: Foul Ball, location: 2F
3-2: Base on Balls
Steve Jobson to second
Batting: LHB Jesús Jiménez 0-0: Swinging Strike
0-1: Bunted foul
0-2: Ball
1-2: Fielders Choice at 2nd, 6-4 (Groundball, 56, EV 80.6 MPH)
Steve Jobson to third
Batting: RHB Jorge Juánez 0-0: Called Strike
0-1: Foul Ball, location: 2F
0-2: Ball
1-2: Strikes out looking
Batting: LHB José Flores 0-0: Ball
1-0: Ball
2-0: Ball
3-0: Called Strike
3-1: Foul Ball, location: 3F
3-2: Foul Ball, location: 5F
3-2: Foul Ball, location: 2F
3-2: Fly out, F8 (Flyball, 78D, EV 100.0 MPH)
Bottom of the 4th over - 0 runs, 1 hit, 0 errors, 2 left on base; Pensacola 0 - Biloxi 2
TOP OF THE 5TH
Pensacola Blue Wahoos batting - Pitching for Biloxi Shuckers : RHP Ron Curry
Batting: RHB Sang-keun Park 0-0: Called Strike
0-1: Ball
1-1: Ground out 4-3 (Groundball, 4M, EV 103.1 MPH)
Batting: RHB Luis Acevedo 0-0: Ball
1-0: DOUBLE (Flyball, 89XD, EV 101.3 MPH)
Batting: RHB Chris Pike 0-0: Ball
1-0: Ball
2-0: Ball
3-0: Base on Balls
Batting: RHB Ben Butler 0-0: Foul Ball, location: 2F
0-1: Grounds into double play, 6-4-3 (Groundball, 6, EV 83.1 MPH)
Top of the 5th over - 0 runs, 1 hit, 0 errors, 1 left on base; Pensacola 0 - Biloxi 2
BOTTOM OF THE 5TH
Biloxi Shuckers batting - Pitching for Pensacola Blue Wahoos : RHP Leon D'Abrichecourt
Batting: RHB Héctor Takahashi 0-0: Ball
1-0: Ground out 5-3 (Groundball, 56S, EV 83.8 MPH)
Batting: LHB Jorge Peralas 0-0: Ball
1-0: Swinging Strike
1-1: Foul Ball, location: 3F
1-2: Foul Ball, location: 2F
1-2: Fly out, F6 (Popup, 6S, EV 70.0 MPH)
Batting: LHB Chan-ho Nam 0-0: Ball
1-0: DOUBLE (Line Drive, 78D, EV 110.6 MPH)
Batting: SHB Joe Campbell 0-0: Ball
1-0: Called Strike
1-1: Ball
2-1: Ground out U3 (Groundball, 3S, EV 87.5 MPH)
Bottom of the 5th over - 0 runs, 1 hit, 0 errors, 1 left on base; Pensacola 0 - Biloxi 2
TOP OF THE 6TH
Pensacola Blue Wahoos batting - Pitching for Biloxi Shuckers : RHP Ron Curry
Batting: RHB Lúcio Rodríguez 0-0: Ball
1-0: Ball
2-0: Ball
3-0: Called Strike
3-1: Ground out 6-3 (Groundball, 6, EV 81.3 MPH)
Batting: RHB David Holguín 0-0: Ground out 5-3 (Groundball, 56S, EV 79.4 MPH)
Batting: RHB Dan Offen 0-0: Called Strike
0-1: Called Strike
0-2: SINGLE (Groundball, 4D, EV 102.5 MPH)
Batting: LHB Juan Novoa 0-0: Ground out U3 (Groundball, 3L, EV 100.6 MPH)
Top of the 6th over - 0 runs, 1 hit, 0 errors, 1 left on base; Pensacola 0 - Biloxi 2
BOTTOM OF THE 6TH
Biloxi Shuckers batting - Pitching for Pensacola Blue Wahoos : RHP Leon D'Abrichecourt
Batting: RHB Steve Jobson 0-0: Ball
1-0: Ball
2-0: Ball
3-0: Called Strike
3-1: Called Strike
3-2: Foul Ball, location: 5F
3-2: Strikes out swinging
Pitching: RHP Ken Carr
Batting: LHB Leo Anderson 0-0: Fly out, F7 (Flyball, 78D, EV 99.4 MPH)
Batting: LHB Jesús Jiménez 0-0: Ball
1-0: Called Strike
1-1: Called Strike
1-2: Foul Ball, location: 7LMF
1-2: Strikes out swinging
Bottom of the 6th over - 0 runs, 0 hits, 0 errors, 0 left on base; Pensacola 0 - Biloxi 2
TOP OF THE 7TH
Pensacola Blue Wahoos batting - Pitching for Biloxi Shuckers : RHP Ron Curry
Batting: LHB José Guedán 0-0: Ball
1-0: Ball
2-0: Called Strike
2-1: Ball
3-1: Called Strike
3-2: Strikes out looking
Batting: RHB Sang-keun Park 0-0: Called Strike
0-1: Ball
1-1: Foul Ball, location: 25F
1-2: Fly out, F3 (Popup, 34, EV 66.3 MPH)
Batting: RHB Luis Acevedo 0-0: Ball
1-0: Ball
2-0: Called Strike
2-1: Ball
3-1: Ground out 6-3 (Groundball, P, EV 87.5 MPH)
Top of the 7th over - 0 runs, 0 hits, 0 errors, 0 left on base; Pensacola 0 - Biloxi 2
BOTTOM OF THE 7TH
Biloxi Shuckers batting - Pitching for Pensacola Blue Wahoos : RHP Ken Carr
Batting: RHB Jorge Juánez 0-0: Ground out 4-3 (Groundball, 4, EV 100.0 MPH)
Batting: LHB José Flores 0-0: Called Strike
0-1: Fly out, F8 (Flyball, 8LXD, EV 100.6 MPH)
Batting: RHB Héctor Takahashi 0-0: Ball
1-0: Called Strike
1-1: Ball
2-1: Foul Ball, location: 25FF
2-2: Fly out, F7 (Flyball, 78XD, EV 106.3 MPH)
Bottom of the 7th over - 0 runs, 0 hits, 0 errors, 0 left on base; Pensacola 0 - Biloxi 2
TOP OF THE 8TH
Pensacola Blue Wahoos batting - Pitching for Biloxi Shuckers : RHP Ron Curry
Now at 1B: José Hernández
Batting: RHB Chris Pike 0-0: Ball
1-0: Fly out, F8 (Line Drive, 8LM, EV 90.6 MPH)
Batting: RHB Ben Butler 0-0: Foul Ball, location: 7LMFF
0-1: Ball
1-1: Called Strike
1-2: Fly out, F8 (Flyball, 89D, EV 107.5 MPH)
Batting: RHB Lúcio Rodríguez 0-0: Called Strike
0-1: Ball
1-1: Swinging Strike
1-2: Ground out 6-3 (Groundball, 6, EV 95.6 MPH)
Top of the 8th over - 0 runs, 0 hits, 0 errors, 0 left on base; Pensacola 0 - Biloxi 2
BOTTOM OF THE 8TH
Biloxi Shuckers batting - Pitching for Pensacola Blue Wahoos : RHP Ken Carr
Batting: LHB Jorge Peralas 0-0: Called Strike
0-1: Foul Ball, location: 3FF
0-2: DOUBLE (Groundball, 5L, EV 101.9 MPH)
Batting: LHB Chan-ho Nam 0-0: Ball
1-0: Ball
2-0: SINGLE (Groundball, 56, EV 101.9 MPH)
Jorge Peralas to third
Batting: SHB Joe Campbell 0-0: Ball
1-0: Ball
2-0: Foul Ball, location: 7LSF
2-1: Ball
3-1: Swinging Strike
3-2: Fielders Choice at 2nd, 3-6 (Groundball, 3, EV 108.8 MPH)
Jorge Peralas scores
Batting: RHB Steve Jobson 0-0: Grounds into double play, 6-4-3 (Groundball, 6, EV 95.0 MPH)
Bottom of the 8th over - 1 run, 2 hits, 0 errors, 0 left on base; Pensacola 0 - Biloxi 3
TOP OF THE 9TH
Pensacola Blue Wahoos batting - Pitching for Biloxi Shuckers : RHP Ron Curry
Pitching: RHP Luis Morales
Now in LF: Jeff Huff
Now in RF: Jerry Hobbs
Batting: RHB David Holguín 0-0: Swinging Strike
0-1: Ball
1-1: Ground out 6-3 (Groundball, 56, EV 92.5 MPH)
Batting: RHB Dan Offen 0-0: Ball
1-0: Hit by Pitch
Batting: LHB Juan Novoa 0-0: Ball
1-0: Ball
2-0: Ball
3-0: Called Strike
3-1: Base on Balls
Dan Offen to second
Batting: LHB José Guedán 0-0: Ball
1-0: Swinging Strike
1-1: Foul Ball, location: 2F
1-2: Strikes out swinging
Batting: RHB Sang-keun Park 0-0: Called Strike
0-1: Foul Ball, location: 5FF
0-2: Foul Ball, location: 25F
0-2: Ball
1-2: Strikes out looking
Top of the 9th over - 0 runs, 0 hits, 0 errors, 2 left on base; Pensacola 0 - Biloxi 3
Monday, April 1st , 2024 - OOTP Baseball 24.10 Build 82